AoeStats
← visikid

Arabia

510225261Analyzed
1v1 RM · 2d ago on Sep 30, 2026· 31m 57s· 2 players
Game mode
Random Map
Map size
Tiny (2 player)
Population
200
Speed
Normal
Resources
Standard
Victory
Conquest
Starting age
Dark Age
Ending age
Imperial Age
RankedLock teamsTeams togetherTeam positionsShared explorationLock speedFull tech treeHidden civsTurbo modeCheats
Victory
Defeat
🇳🇱 Armenians · Netherlands
980
+17
🇺🇸 Huns · United States
998
-17
Kataphraktos
7:24 Loom
10:19 Feudal Age
11:08 Double-Bit Axe
12:18 Man-at-Arms
12:52 Horse Collar
13:24 Long Swordsman
15:27 Forging
17:06 Wheelbarrow
17:57 Town Watch
18:40 Scale Mail Armor
19:49 Arson
25:31 Castle Age
26:34 Chain Mail Armor
25:42 Two-Handed Swordsman
26:57 Squires
28:03 Hand Cart
28:11 Gambesons
30:29 Champion
visikid
11:13 Feudal Age
12:12 Double-Bit Axe
15:12 Bloodlines
27:12 Castle Age
28:38 Fletching
29:02 Crossbowman
Connection lost

Rejoining the realm…

Still unreachable

The connection could not be restored.

Session expired

The server has moved on; the page needs a fresh start.